 Dungeon Crawl Stone Soup version 0.28-a0-723-g095bd1b44f (webtiles) character file.

Game seed: 9918945919780065688

210 porpoise the Magician (level 5, -6/28 HPs)
             Began as a Deep Elf Conjurer on Oct 26, 2021.
             Mangled by a water moccasin (8 damage)
             ... on level 4 of the Dungeon.
             The game lasted 00:08:59 (3202 turns).

porpoise the Magician (Deep Elf Conjurer)           Turns: 3202, Time: 00:08:59

Health: -6/28      AC:  3    Str:  4    XL:     5   Next: 57%
Magic:  6/15       EV: 12    Int: 24    God:
Gold:   117        SH:  0    Dex: 13    Spells: 4/15 levels left

rFire   . . .      SeeInvis +   a - +0 short sword (holy)
rCold   . . .      Faith    .   (no shield)
rNeg    . . .      Spirit   .   e - +0 robe
rPois   +          Reflect  .   (no helmet)
rElec   .          Harm     .   (no cloak)
rCorr   .          Rampage  .   g - +0 pair of gloves
Will    .....                   (no boots)
Stlth   ++........              (no amulet)
HPRegen 0.09/turn               p - ring of poison resistance
MPRegen 0.14/turn               q - ring of see invisible

@: lethally poisoned (-6 -> -14)
A: no striking features
a: no special abilities


You were on level 4 of the Dungeon.
You visited 1 branch of the dungeon, and saw 4 of its levels.

You collected 117 gold pieces.

Inventory:

Hand Weapons
 a - a +0 short sword of holy wrath (weapon)
 n - a +0 rapier
Missiles
 b - 110 stones
 f - 24 sling bullets
 m - 4 boomerangs (quivered)
 o - 5 silver javelins
Armour
 e - a +0 robe (worn)
 g - a +0 pair of gloves (worn)
Magical Staves
 i - a staff of death
Jewellery
 p - a ring of poison resistance (left hand)
 q - a ring of see invisible (right hand)
Scrolls
 c - 2 scrolls of vulnerability
 d - 3 scrolls of teleportation
 k - 2 scrolls of amnesia
 l - a scroll of enchant armour {unknown}
Potions
 h - a potion of attraction
 j - a potion of heal wounds {unknown}
 s - 2 potions of might
 t - a potion of degeneration {unknown}


   Skills:
 - Level 2.4 Dodging
 - Level 2.4 Stealth
 + Level 5.9 Spellcasting
 - Level 5.6 Conjurations
 + Level 2.8 Hexes


You had 4 spell levels left.
You knew the following spells:

 Your Spells              Type           Power      Damage    Failure   Level
a - Magic Dart            Conj           100%       1d8       1%          1
b - Searing Ray           Conj           68%        2d6       1%          2
c - Fulminant Prism       Conj/Hex       13%        3d9       14%         4
d - Iskenderun's Mystic   Conj/Tloc      20%        2d6       26%         4

Your spell library contained the following spells:

 Spells                   Type           Power      Damage    Failure   Level
 Dazzling Flash           Conj/Hex       54%        N/A       4%          3


Dungeon Overview and Level Annotations

Branches:
Dungeon (4/15)
 Temple: D:4-7

Altars:
Qazlal


Message History

The searing ray hits Blork the orc!
Blork the orc is moderately wounded.
Blork the orc casts a cantrip, but nothing happens.
The searing ray hits Blork the orc.
Blork the orc is heavily wounded.
You finish channelling your searing ray.
Blork the orc hits you with a +0 war axe!
The water moccasin misses you. The water moccasin barely misses you.
The water moccasin bites you but does no damage.
Casting: Searing Ray (safe; 1% risk of failure)
Confirm with . or Enter, or press ? or * to list all spells.
Aiming: Searing Ray (safe; 1% risk of failure)
Press: ? - help, Shift-Dir - straight line, f/p - Blork the orc
Aim: Blork the orc, wielding a +0 war axe and wearing a +0 robe (heavily wounded, 83% to hit)
The searing ray hits Blork the orc.
Blork the orc is heavily wounded.
The searing ray hits the water moccasin but does no damage. (Press . to maintain the ray.) Blork the orc barely misses you.
The searing ray hits Blork the orc!
Blork the orc is almost dead.
The searing ray misses the water moccasin.
Blork the orc hits you with a +0 war axe!
* * * LOW HITPOINT WARNING * * *
The searing ray hits Blork the orc!
You kill Blork the orc!
The searing ray hits the water moccasin!
The water moccasin is heavily wounded.
The water moccasin bites you.
* * * LOW HITPOINT WARNING * * *
You are lethally poisoned!
The water moccasin poisons you!
Your Hexes skill increases to level 2!
The searing ray hits the water moccasin.
The water moccasin is heavily wounded.
You finish channelling your searing ray.
* * * LOW HITPOINT WARNING * * *
You feel sick. The water moccasin bites you!
You die...

#...............#
#..............#
#........<..#
#.........##
##......###
#.....## ##.#.###
#..### #@## #S#
##.### ##....###
#.......#### .
#..>.......##...
#..........[.#
#.........##....
#..........# ##.


You could see a water moccasin.

Vanquished Creatures
  Blork the orc (D:4)
  An orc wizard (D:3)
  3 gnolls (D:2)
  2 adders (D:2)
  A worm (D:2)
  2 dart slugs
  4 orcs (D:3)
  4 ball pythons
  2 bats (D:1)
  5 endoplasms
  5 giant cockroaches
  8 goblins
  3 hobgoblins
  4 jackals
  A quokka (D:2)
  5 frilled lizards
  3 kobolds
  4 rats (D:2)
58 creatures vanquished.

Vanquished Creatures (others)
  A fungus (D:1)
1 creature vanquished.

Grand Total: 59 creatures vanquished

Notes
Turn   | Place    | Note
-------+----------+-------------------------------------------
     0 | D:1      | porpoise the Deep Elf Conjurer began the quest for the Orb.
     0 | D:1      | Reached XP level 1. HP: 10/10 MP: 6/6
   154 | D:1      | Reached XP level 2. HP: 15/15 MP: 3/8
   200 | D:1      | Learned a level 2 spell: Searing Ray
   200 | D:1      | Found a faded altar of an unknown god.
  1068 | D:2      | Reached skill level 5 in Conjurations
  1068 | D:2      | Reached XP level 3. HP: 19/19 MP: 2/10
  1649 | D:2      | Reached XP level 4. HP: 24/24 MP: 7/12
  1697 | D:2      | Learned a level 4 spell: Fulminant Prism
  1704 | D:2      | Learned a level 4 spell: Iskenderun's Mystic Blast
  2099 | D:2      | Reached skill level 5 in Spellcasting
  2272 | D:3      | Reached skill level 1 in Hexes
  2640 | D:3      | Reached XP level 5. HP: 28/28 MP: 11/14
  2811 | D:3      | Found a stormy altar of Qazlal.
  3182 | D:4      | Noticed Blork the orc
  3187 | D:4      | Noticed a water moccasin
  3201 | D:4      | Killed Blork the orc
  3202 | D:4      | Mangled by a water moccasin

Illustrated notes

Levels and vault maps discovered:
D:1:      dpeg_cavernosity, layout_basic, ebering_ecumenical_altar_rust,
          minivault_4, bh_walls_and_bars
D:2:      layout_rooms
D:3:      layout_basic, mainiacjoe_overflow_concentric_impassable
D:4:      layout_cave_pods, nicolae_overflow_hidden_temple, uniq_blork_the_orc,
          uniq_duvessa

Skill      XL: |  1  2  3  4  5 |
---------------+----------------+-----
Spellcasting   | 4 5 |  5.9
Conjurations   | 5 |  5.6
Hexes          | 1 2 |  2.8
Dodging        | |  2.4
Stealth        | |  2.4

Action                   |  1- 3 |  4- 6 || total
-------------------------+-------+-------++-------
Melee: Short sword       |     6 |       ||     6
 Cast: Magic Dart        |    47 |    27 ||    74
       Searing Ray       |     8 |     9 ||    17
  Use: Scroll            |       |     5 ||     5
 Stab: Sleeping          |     1 |       ||     1
Armor: Robe              |       |     1 ||     1
Dodge: Dodged            |     6 |     7 ||    13

Table legend: (Time is in decaauts)
 A = Elapsed time spent in this place.
 B = Non-inter-level travel time spent in this place.
 C = Inter-level travel time spent in this place.
 D = Time resting spent in this place.
 E = Time spent auto-exploring this place.
 F = Levels seen in this place.
 G = Mean time per level.
                   A        B        C        D        E       F      G
               +--------+--------+--------+--------+--------+-----+--------+
         Total |   3206 |   3032 |    174 |   1260 |   1369 |   4 |  801.5 |
       Dungeon |   3206 |   3032 |    174 |   1260 |   1369 |   4 |  801.5 |
               +--------+--------+--------+--------+--------+-----+--------+

Top non-repeatable levels by time:
     D:1: 1367 daAuts
     D:3: 966 daAuts
     D:2: 830 daAuts
     D:4: 42 daAuts
